Map: Acid Plant LE

Players

Creator - Winner!

  • Race: Protoss Protoss
  • Spawn Location: 5:00

TRUE

  • Race: Zerg Zerg
  • Spawn Location: 11:00

Event: IEM Season 12 - Katowice

VOD

Have the link to the VOD?

Description

Time

  • Played on: Feb. 26, 2018, 1:05 p.m.
  • Length: 23:46

All games in this series

Show
View Real Time Build Order
Export as new Build Order

Creator Protoss - Winner!

Build Orders: 1 Gate Expand, Phoenix Opening, Carriers 

Get SALT Encoding   

  12  0:00  Probe  
  13  0:12  Probe  
  14  0:20  Pylon  
  14  0:24  Probe  
  15  0:38  Probe (Chrono Boost)  
  16  0:44  Gateway  
  16  0:47  Probe (Chrono Boost)  
  16  0:49  Assimilator  
  17  0:52  Probe (Chrono Boost)  
  18  1:04  Probe  
  19  1:20  Nexus  
  19  1:31  Cybernetics Core  
  19  1:33  Probe (Chrono Boost)  
  20  1:43  Probe (Chrono Boost)  
  20  1:45  Assimilator  
  21  1:47  Probe (Chrono Boost)  
  22  1:55  Pylon  
  22  1:59  Probe  
  23  2:11  Adept (Chrono Boost)  
  23  2:13  Probe  
  26  2:22  Stargate  
  26  2:25  Probe  
  27  2:30  Adept  
  27  2:34  Probe (Chrono Boost)  
  27  2:36  Pylon  
  29  2:46  Probe (Chrono Boost), Warp Gate  
  29  2:50  Probe (Chrono Boost)  
  31  2:55  Probe (Chrono Boost)  
  31  2:58  Probe (Chrono Boost)  
  33  3:01  Probe  
  34  3:06  Phoenix (Chrono Boost)  
  34  3:09  Probe  
  37  3:17  Probe  
  38  3:21  Probe  
  38  3:24  Phoenix (Chrono Boost), Gateway  
  41  3:29  Probe  
  41  3:33  Probe  
  43  3:38  Pylon  
  43  3:41  Probe  
  44  3:43  Pylon  
  44  3:45  Phoenix (Chrono Boost)  
  46  3:56  Assimilator  
  46  3:57  Probe x2  
  46  3:58  Adept, Robotics Facility  
  50  4:09  Probe (Chrono Boost)  
  52  4:13  Pylon  
  52  4:15  Probe (Chrono Boost)  
  52  4:19  Probe (Chrono Boost)  
  52  4:23  Probe (Chrono Boost)  
  54  4:31  Probe  
  55  4:33  Probe  
  55  4:38  Nexus  
  56  4:40  Pylon  
  56  4:50  Adept x2  
  56  4:51  Warp Prism (Chrono Boost)  
  60  4:58  Robotics Facility  
  62  5:01  Assimilator  
  62  5:04  Shield Battery  
  62  5:07  Probe  
  62  5:08  Probe  
  62  5:13  Sentry x2  
  67  5:18  Immortal (Chrono Boost)  
  73  5:25  Shield Battery  
  73  5:26  Shield Battery  
  73  5:28  Gateway  
  71  5:29  Gateway  
  71  5:33  Shield Battery  
  71  5:34  Pylon  
  71  5:36  Stalker x2  
  75  5:47  Immortal (Chrono Boost)  
  77  5:50  Pylon  
  68  5:59  Stalker x2  
  70  6:06  Probe x2  
  66  6:19  Immortal  
  66  6:22  Stalker x2  
  70  6:29  Probe (Chrono Boost)  
  70  6:35  Probe (Chrono Boost), Forge  
  70  6:39  Probe (Chrono Boost)  
  71  6:43  Probe (Chrono Boost)  
  71  6:45  Sentry x2  
  76  6:47  Phoenix  
  76  6:48  Probe  
  76  6:51  Nexus  
  76  6:53  Probe  
  80  7:02  Twilight Council  
  80  7:04  Probe, Pylon  
  80  7:05  Probe  
  82  7:12  Phoenix (Chrono Boost)  
  84  7:17  Protoss Ground Weapons Level 1  
  84  7:19  Immortal  
  88  7:28  Probe x2  
  90  7:32  Phoenix (Chrono Boost)  
  90  7:34  Pylon  
  92  7:39  Charge  
  92  7:40  Probe  
  92  7:41  Probe  
  94  7:59  Zealot x3  
  94  8:00  Zealot  
  94  8:06  Phoenix  
  94  8:08  Probe x3 (Chrono Boost)  
  99  8:24  Immortal (Chrono Boost)  
  96  8:31  Phoenix, Gateway  
  96  8:32  Assimilator, Gateway  
  95  8:34  Assimilator, Gateway  
  95  8:35  Zealot, Sentry, Templar Archives  
  95  8:36  Zealot x2  
  95  8:39  Photon Cannon  
  103  8:44  Robotics Facility  
  103  8:51  Probe x3  
  103  8:52  Psionic Storm  
  103  8:53  Pylon  
  104  9:07  Pylon  
  104  9:10  Protoss Ground Weapons Level 2 (Chrono Boost)  
  104  9:11  Photon Cannon  
  104  9:19  Observer (Chrono Boost)  
  104  9:23  Probe x3  
  108  9:28  Pylon  
  108  9:32  Immortal (Chrono Boost)  
  108  9:34  Immortal (Chrono Boost)  
  116  9:45  High Templar x2  
  116  9:52  Gateway x2  
  120  9:58  High Templar  
  122  10:08  Nexus  
  122  10:11  Pylon, High Templar  
  122  10:12  High Templar  
  125  10:15  Immortal (Chrono Boost)  
  129  10:28  Pylon, Immortal (Chrono Boost)  
  133  10:37  High Templar  
  133  10:41  Probe x3, Shield Battery  
  138  10:43  Photon Cannon  
  138  10:46  Zealot, Photon Cannon x2  
  138  10:47  Zealot  
  138  10:48  Photon Cannon  
  142  10:51  Photon Cannon  
  142  10:52  Pylon  
  142  10:53  Pylon  
  142  10:54  High Templar x2  
  146  11:03  Zealot  
  144  11:12  Protoss Ground Armor Level 1 (Chrono Boost)  
  144  11:13  Archon  
  144  11:15  Immortal (Chrono Boost)  
  152  11:22  Photon Cannon  
  152  11:25  Immortal (Chrono Boost)  
  151  11:26  Probe x4, Assimilator  
  151  11:30  Assimilator  
  151  11:32  High Templar x2  
  159  11:36  Archon  
  157  11:42  Sentry  
  157  11:43  Zealot  
  161  11:52  Immortal (Chrono Boost)  
  161  11:54  Immortal (Chrono Boost)  
  169  12:08  Fleet Beacon  
  167  12:09  Photon Cannon  
  167  12:11  Shield Battery  
  167  12:14  Shield Battery  
  167  12:18  Dark Shrine  
  167  12:23  High Templar x2  
  167  12:24  Warp Prism (Chrono Boost)  
  167  12:28  Pylon  
  173  12:31  Photon Cannon  
  173  12:33  Immortal (Chrono Boost)  
  177  12:38  Zealot x3  
  177  12:44  Protoss Ground Weapons Level 3  
  183  12:45  Photon Cannon  
  183  12:46  Shield Battery  
  183  12:47  High Templar x2  
  187  12:52  Archon  
  187  12:53  Archon  
  187  12:56  Observer (Chrono Boost)  
  187  12:58  Mothership (Chrono Boost)  
  190  13:20  Zealot x3  
  195  13:40  Nexus  
  195  13:41  Pylon  
  195  13:52  Oracle (Chrono Boost), Gateway  
  195  13:55  Gateway  
  192  13:57  Stargate, Gateway  
  192  13:59  Stargate  
  186  14:06  Observer  
  187  14:14  Photon Cannon  
  187  14:15  Photon Cannon  
  187  14:16  Photon Cannon  
  187  14:21  Shield Battery  
  187  14:23  Photon Cannon  
  187  14:25  Photon Cannon  
  187  14:26  Assimilator  
  187  14:30  Assimilator  
  185  14:37  Warp Prism  
  187  14:50  Carrier (Chrono Boost)  
  193  14:52  Carrier (Chrono Boost)  
  197  15:00  Graviton Catapult  
  197  15:02  Blink  
  169  15:16  Zealot x8  
  169  15:20  Protoss Ground Armor Level 2  
  183  15:23  Carrier (Chrono Boost)  
  183  15:27  Zealot  
  181  15:41  Dark Templar x3  
  177  15:44  High Templar x2  
  177  15:45  High Templar x2  
  177  16:02  Carrier (Chrono Boost)  
  183  16:21  Carrier (Chrono Boost), Archon  
  183  16:23  High Templar  
  183  16:25  Pylon  
  185  16:26  Pylon, Archon  
  185  16:28  Carrier (Chrono Boost)  
  185  16:31  Stargate  
  187  16:58  Photon Cannon  
  187  17:00  Photon Cannon  
  185  17:07  Protoss Air Weapons Level 1  
  185  17:12  Zealot x4, Dark Templar x3  
  187  17:36  Stalker x3  
  199  17:40  Carrier (Chrono Boost)  
  199  17:42  Stalker x2  
  179  17:47  Carrier x2 (Chrono Boost)  
  179  18:04  Stalker x4  
  162  18:29  Stargate  
  162  18:31  Stargate, Zealot x2, Dark Templar x2  
  162  18:33  High Templar x2  
  174  18:48  Protoss Shields Level 1  
  178  18:56  Archon  
  178  19:02  Protoss Air Armor Level 1 (Chrono Boost)  
  168  19:15  Tempest x3 (Chrono Boost)  
  168  19:16  Tempest (Chrono Boost)  
  180  19:25  Zealot x7  
  198  19:33  Void Ray (Chrono Boost)  
  198  19:38  Archon  
  180  20:12  Carrier (Chrono Boost)  
  197  20:16  Void Ray x2 (Chrono Boost)  
  197  20:20  Carrier (Chrono Boost)  
  197  20:21  Oracle (Chrono Boost)  
  194  20:35  Observer  
  184  20:42  Dark Templar x4  
  192  20:46  Archon x2  
  192  20:50  Oracle (Chrono Boost)  
  192  20:52  Protoss Air Weapons Level 2 (Chrono Boost)  
  174  21:23  Void Ray (Chrono Boost)  
  174  21:24  Void Ray (Chrono Boost)  
  174  21:25  Zealot x5, Void Ray (Chrono Boost)  
  192  21:30  Zealot x4  
  197  21:37  Zealot, Dark Templar  
  197  21:38  Zealot  
  171  22:18  Zealot x2  
  136  22:42  Stalker x6  
  136  22:43  Stalker x3  
  120  23:16  Zealot x2  
  120  23:17  Stalker x2  
  122  23:34  Zealot x5  
Show
View Real Time Build Order
Export as new Build Order

TRUE Zerg 

Build Orders: Hatch First, Lurkers 

Get SALT Encoding   

  12  0:00  Drone  
  13  0:12  Overlord  
  13  0:17  Drone  
  14  0:31  Drone x2  
  14  0:35  Drone  
  17  0:51  Hatchery  
  17  0:55  Drone  
  17  1:07  Spawning Pool  
  17  1:09  Extractor  
  15  1:13  Drone  
  15  1:16  Drone  
  17  1:20  Drone  
  18  1:28  Drone  
  19  1:38  Overlord  
  19  1:54  Queen, Zergling x2  
  19  2:01  Drone  
  23  2:02  Queen  
  23  2:05  Drone  
  26  2:11  Metabolic Boost  
  26  2:15  Drone  
  26  2:19  Drone  
  26  2:22  Drone  
  29  2:24  Drone  
  30  2:45  Drone x2  
  30  2:48  Hatchery  
  30  2:49  Overlord  
  31  2:53  Drone  
  31  2:58  Queen  
  32  3:02  Drone  
  35  3:10  Spore Crawler  
  34  3:12  Drone  
  34  3:13  Drone x3  
  34  3:17  Drone x2  
  40  3:22  Overlord  
  40  3:33  Lair  
  40  3:34  Queen  
  40  3:36  Overlord  
  40  3:40  Overlord  
  42  3:42  Drone  
  42  3:43  Drone  
  44  3:54  Drone x2, Extractor  
  44  3:55  Drone x4, Extractor  
  48  3:58  Drone  
  48  4:02  Queen  
  51  4:07  Drone  
  51  4:08  Drone  
  51  4:09  Drone  
  54  4:13  Queen  
  56  4:20  Roach Warren  
  56  4:21  Drone  
  56  4:23  Zergling x4  
  58  4:25  Zergling x2  
  58  4:29  Zergling x4  
  61  4:34  Queen  
  61  4:39  Nydus Network  
  61  4:44  Queen  
  62  4:47  Overlord  
  62  4:55  Overlord x2  
  62  4:56  Overlord  
  62  5:02  Queen  
  63  5:12  Roach x3  
  63  5:13  Roach x2  
  72  5:16  Roach  
  72  5:18  Roach  
  72  5:21  Roach  
  78  5:29  Nydus Canal  
  78  5:31  Roach x2  
  78  5:32  Roach  
  78  5:34  Roach  
  86  5:36  Roach  
  86  5:40  Roach x2  
  89  5:49  Roach x3  
  95  5:53  Roach  
  95  5:54  Roach x2  
  97  6:04  Roach  
  97  6:06  Roach  
  97  6:07  Roach  
  97  6:09  Roach  
  97  6:10  Roach  
  97  6:13  Roach  
  97  6:14  Overlord  
  97  6:16  Roach  
  97  6:17  Roach  
  95  6:19  Roach  
  95  6:22  Roach, Zergling x2  
  95  6:25  Zergling x2  
  91  6:27  Zergling x2  
  82  6:33  Queen  
  82  6:36  Queen  
  84  6:41  Glial Reconstitution  
  84  6:44  Drone  
  84  6:46  Drone x2  
  87  6:47  Drone x2, Extractor  
  87  6:49  Drone  
  90  6:54  Drone  
  90  6:56  Spore Crawler, Drone  
  90  6:57  Drone  
  92  7:01  Drone  
  92  7:05  Drone x3  
  95  7:09  Drone x2  
  95  7:15  Overlord  
  97  7:18  Overlord x2  
  97  7:25  Queen, Extractor  
  97  7:27  Extractor  
  96  7:31  Drone  
  96  7:35  Drone x5, Hydralisk Den  
  101  7:39  Drone  
  102  7:46  Ravager x6  
  102  7:48  Zergling x4  
  102  7:50  Zergling x2  
  109  7:52  Hatchery  
  109  7:56  Zergling x6  
  103  8:02  Zergling x2  
  103  8:04  Queen  
  100  8:10  Grooved Spines  
  100  8:11  Hydralisk x3  
  106  8:13  Hydralisk  
  106  8:15  Hydralisk  
  106  8:17  Hydralisk  
  108  8:20  Hydralisk  
  108  8:24  Hydralisk  
  109  8:28  Drone x4  
  109  8:34  Overlord  
  113  8:37  Overlord  
  113  8:42  Overlord  
  113  8:44  Overlord  
  113  8:48  Spore Crawler  
  112  8:51  Queen  
  112  8:53  Drone  
  114  8:56  Drone  
  114  8:57  Drone x4  
  114  9:00  Drone x3  
  114  9:01  Drone  
  121  9:05  Drone  
  121  9:07  Drone  
  121  9:08  Lurker Den  
  121  9:09  Spore Crawler  
  120  9:11  Spore Crawler  
  120  9:13  Drone  
  120  9:15  Hydralisk  
  122  9:19  Drone x2  
  122  9:21  Hydralisk  
  126  9:25  Hydralisk  
  126  9:26  Hydralisk  
  130  9:37  Drone x2, Hydralisk x2  
  130  9:38  Hydralisk x2  
  136  9:40  Hydralisk  
  136  9:44  Muscular Augments  
  140  9:47  Drone  
  140  9:51  Spore Crawler  
  140  9:52  Spore Crawler  
  139  10:04  Drone  
  139  10:05  Drone x7  
  144  10:10  Drone x2  
  144  10:12  Extractor, Zergling x8  
  144  10:13  Extractor  
  148  10:18  Overlord x2, Hydralisk  
  148  10:19  Spire  
  149  10:21  Evolution Chamber  
  149  10:23  Overlord  
  149  10:24  Overlord  
  149  10:27  Overlord  
  145  10:30  Overlord  
  145  10:35  Overlord  
  145  10:37  Overlord  
  145  10:44  Drone x3, Hydralisk x3  
  145  10:45  Hydralisk  
  145  10:48  Zerg Missile Weapons Level 1  
  156  10:58  Queen  
  156  11:00  Zergling x6  
  156  11:01  Zergling x12  
  156  11:02  Zergling x4  
  167  11:04  Zergling x2  
  167  11:05  Zergling x2  
  167  11:09  Lurker x4  
  167  11:10  Lurker  
  171  11:12  Overseer  
  171  11:16  Zergling x8  
  171  11:18  Zergling x4  
  176  11:21  Zergling x4  
  176  11:22  Zergling x4  
  176  11:24  Zergling x2  
  176  11:25  Zergling x2  
  182  11:33  Zerg Flyer Weapons Level 1, Zergling x2  
  182  11:34  Overseer, Zergling x2  
  182  11:36  Zergling x10  
  182  11:39  Zergling x4  
  189  11:43  Zergling x6  
  189  11:46  Zergling x6  
  195  11:47  Zergling x2  
  195  11:49  Zergling x2  
  195  11:51  Lurker x3  
  195  11:54  Overlord  
  199  11:55  Zergling x2  
  199  11:57  Overlord  
  199  12:00  Overlord  
  200  12:01  Infestation Pit  
  200  12:03  Overlord  
  200  12:06  Overlord  
  196  12:14  Zergling x6  
  199  12:19  Zergling x8  
  199  12:20  Zergling x2  
  199  12:22  Zergling x2  
  199  12:26  Zergling x2  
  199  12:38  Hive  
  198  12:48  Zergling x4  
  198  12:49  Overlord  
  200  12:51  Overlord  
  196  13:09  Zerg Missile Weapons Level 2  
  196  13:10  Evolution Chamber  
  196  13:12  Overlord  
  195  13:15  Zergling x10  
  182  13:33  Zergling x2  
  182  13:34  Zergling x10  
  183  13:48  Spore Crawler x2  
  182  13:49  Spore Crawler  
  182  13:50  Spore Crawler x2  
  182  13:51  Spore Crawler  
  182  13:52  Zergling x8  
  182  13:53  Zergling x2  
  178  13:57  Greater Spire  
  178  13:58  Zerg Melee Weapons Level 1  
  178  13:59  Adrenal Glands  
  178  14:00  Viper x2  
  184  14:03  Corruptor x8, Hatchery  
  184  14:05  Overlord  
  198  14:36  Adaptive Talons  
  189  14:58  Zergling x2  
  189  14:59  Zergling x14  
  182  15:11  Corruptor x3  
  182  15:12  Corruptor x2  
  182  15:15  Brood Lord x3  
  182  15:16  Brood Lord x5  
  182  15:17  Zerg Flyer Weapons Level 2  
  182  15:18  Corruptor  
  200  15:24  Zergling x4  
  184  15:41  Spawning Pool  
  181  15:45  Viper x2  
  181  15:46  Corruptor  
  181  15:47  Corruptor x3  
  181  15:49  Corruptor  
  195  15:54  Corruptor  
  199  16:01  Hatchery  
  199  16:04  Corruptor  
  198  16:11  Pneumatized Carapace  
  200  16:37  Hatchery  
  194  16:47  Corruptor x4  
  183  17:02  Hatchery  
  183  17:03  Zergling x22  
  186  17:08  Corruptor x3  
  186  17:15  Corruptor  
  192  17:16  Corruptor  
  192  17:18  Overseer  
  196  17:23  Corruptor  
  198  17:31  Corruptor  
  200  17:42  Corruptor  
  200  17:44  Corruptor  
  180  17:55  Zerg Flyer Weapons Level 3  
  180  17:58  Overseer  
  176  18:01  Corruptor  
  165  18:21  Corruptor x2  
  165  18:26  Corruptor  
  169  18:56  Hatchery  
  169  19:00  Corruptor x2  
  172  19:03  Corruptor  
  172  19:10  Corruptor  
  172  19:18  Infestor x2  
  172  19:22  Infestor  
  178  19:26  Corruptor  
  180  19:31  Corruptor  
  176  19:40  Corruptor  
  176  19:43  Corruptor  
  157  20:08  Brood Lord x2  
  157  20:10  Brood Lord x2  
  158  20:16  Corruptor x2  
  161  20:22  Corruptor  
  155  20:33  Drone x2  
  155  20:44  Corruptor  
  155  20:45  Corruptor  
  159  20:53  Brood Lord  
  159  20:55  Overseer x2  
  161  21:00  Corruptor  
  163  21:08  Corruptor  
  163  21:09  Corruptor  
  167  21:17  Corruptor  
  169  21:24  Zergling x16  
  169  21:25  Zergling x2  
  176  21:28  Zergling x4  
  176  21:30  Zergling x2  
  176  21:35  Zergling x2  
  176  21:38  Zergling x4  
  176  21:39  Zergling x4  
  181  21:41  Zergling x2  
  92  23:12  Drone x3  
  95  23:25  Drone  
  95  23:39  Spawning Pool  

Tags
 
Add a new tag
Caveats
  • Supply blocks, unpowered buildings, or Contaminate may cause inaccurate times.
  • Supply counts are checked every 10 seconds.